 Dungeon Crawl Stone Soup version 0.29.1-14-g9c671dbff4 (webtiles) character file.

Game seed: 2522490587172784834

4736 Dvallin the Spear-Bearer (level 10, -5/79 HPs)
             Began as a Gnoll Wanderer on Feb 18, 2023.
             Was a Believer of Makhleb.
             Killed from afar by an acid dragon (23 damage)
             ... with a splash of acid
             ... on level 7 of the Dungeon on Feb 19, 2023.
             The game lasted 00:30:41 (9681 turns).

Dvallin the Spear-Bearer (Gnoll Wanderer)           Turns: 9681, Time: 00:30:42

Health: -5/79      AC:  2    Str: 11    XL:     10   Next: 46%
Magic:  15/21      EV: 24    Int: 13    God:    Makhleb [**....]
Gold:   379        SH:  0    Dex: 20    Spells: 15/24 levels left

rFire   . . .      SeeInvis .     - Unarmed
rCold   . . .      Faith    .   (shield currently unavailable)
rNeg    . . .      Spirit   .   (body armour currently unavailable)
rPois   x          Reflect  .   (helmet currently unavailable)
rElec   .          Harm     .   (cloak currently unavailable)
rCorr   .          Rampage  .   (gloves currently unavailable)
Will    .....                   (boots currently unavailable)
Stlth   +++.......              (no amulet)
HPRegen 0.23/turn               o - ring of wizardry
MPRegen 0.17/turn               q - +4 ring of protection

@: spider-form, corroded, very slightly contaminated
A: venomous fangs, tiny, (fangs 1), strong nose, distributed training
a: End Transformation, Renounce Religion, Minor Destruction


You were on level 7 of the Dungeon.
You worshipped Makhleb.
Makhleb was pleased with you.
You were a venomous arachnid creature.
You visited 1 branch of the dungeon, and saw 8 of its levels.

You collected 379 gold pieces.

Inventory:

Hand Weapons
 a - a +3 spear
 b - the +3 hammer "Itsara Kyo" {drain, Str+4}
   (You found it on level 5 of the Dungeon)

   A truly terrible weapon, it drains the life of any living foe it strikes.
   Str:       It affects your strength (+4).
 c - a +3 flail of protection
 l - a +0 sling
 A - the +1 spear of Distant Shores {vamp, rN++ rCorr SInv}
   (You found it on level 3 of the Dungeon)

   It occasionally heals its wielder for a portion of the damage dealt when it
   wounds a living foe.
   rN:        It greatly protects you from negative energy.
   SInv:      It lets you see invisible.
   rCorr:     It protects you from acid and corrosion.
 K - the +8 hammer of Tizxok (melded) {vorpal, Will+}
   (You found it on level 5 of the Dungeon)

   It inflicts extra damage upon your enemies.
   Will:      It increases your willpower.
Armour
 B - a +0 pair of boots (melded)
 E - a +2 cloak (melded)
 H - the +1 robe of Compassion (melded) {Harm +Blink Dex+2 Archmagi}
   (You found it on level 5 of the Dungeon)

   Dex:       It affects your dexterity (+2).
   +Blink:    It lets you blink.
   Harm:      It increases damage dealt and taken.
   Archmagi:  It increases the power of your magical spells.
 L - a +0 helmet (melded)
Jewellery
 g - a +6 ring of strength
 o - a ring of wizardry (left front leg)
 q - a +4 ring of protection (right front leg)
 s - a ring of positive energy
 t - a +4 ring of evasion
 O - a +4 ring of evasion
Wands
 v - a wand of iceblast (6)
 C - a wand of paralysis (16)
 J - a wand of light (1)
Scrolls
 e - 4 scrolls of noise {unknown}
 f - a scroll of fear {unknown}
 j - a scroll of summoning
 m - 7 scrolls of identify {unknown}
 n - a scroll of brand weapon {unknown}
 p - 2 scrolls of amnesia {unknown}
 y - a scroll of magic mapping {unknown}
 F - 4 scrolls of teleportation {unknown}
 I - a scroll of enchant armour {unknown}
 N - a scroll of butterflies {unknown}
 P - a scroll of vulnerability {unknown}
 Q - a scroll of enchant weapon {unknown}
Potions
 d - a potion of degeneration {unknown}
 h - a potion of mutation {unknown}
 i - 2 potions of heal wounds {unknown}
 k - a potion of attraction {unknown}
 r - a potion of ambrosia {unknown}
 u - a potion of flight {unknown}
 w - a potion of haste {unknown}
 x - 2 potions of lignification {unknown}
 z - 2 potions of brilliance {unknown}
 D - 2 potions of magic {unknown}
 G - 3 potions of resistance {unknown}
 M - a potion of berserk rage {unknown}


   Skills:
 + Level 7.2 Fighting
 + Level 5.5 Short Blades
 + Level 5.5 Long Blades
 + Level 5.5 Axes
 + Level 5.5 Maces & Flails
 + Level 8.6 Polearms
 + Level 5.5 Staves
 + Level 5.5 Ranged Weapons
 + Level 5.5 Throwing
 + Level 5.5 Armour
 + Level 6.1 Dodging
 + Level 5.5 Stealth
 + Level 5.5 Shields
 + Level 5.5 Unarmed Combat
 + Level 7.5 Spellcasting
 + Level 4.5 Conjurations
 + Level 4.5 Hexes
 + Level 4.5 Summonings
 + Level 4.5 Necromancy
 + Level 4.5 Translocations
 + Level 4.5 Transmutations
 + Level 4.5 Fire Magic
 + Level 4.5 Ice Magic
 + Level 6.0 Air Magic
 + Level 4.5 Earth Magic
 + Level 4.5 Poison Magic
 + Level 6.0 Invocations
 + Level 5.5 Evocations


You had 15 spell levels left.
You knew the following spells:

 Your Spells              Type           Power      Damage    Failure   Level
a - Poisonous Vapours     Pois/Air       36%        N/A       4%          2
b - Spider Form           Tmut/Pois      16%        N/A       8%          3
c - Summon Ice Beast      Ice/Summ       16%        N/A       19%         4

Your spell library contained the following spells:

 Spells                   Type           Power      Damage    Failure   Level
 Foxfire                  Conj/Fire      64%        2x1d7     3%          1
 Magic Dart               Conj           64%        1d6       3%          1
 Call Imp                 Summ           16%        N/A       4%          2
 Ensorcelled Hibernation  Hex/Ice        32%        N/A       4%          2
 Static Discharge         Conj/Air       18%        3-6/arc   4%          2
 Mephitic Cloud           Conj/Pois/Air  18%        N/A       6%          3
 Confusing Touch          Hex            16%        N/A       8%          3
 Conjure Flame            Conj/Fire      16%        6-21      8%          3
 Inner Flame              Hex/Fire       16%        N/A       8%          3
 Anguish                  Hex/Necr       8%         N/A       19%         4
 Flame Wave               Conj/Fire      16%        2d7       19%         4
 Lee's Rapid Deconstruct  Erth           8%         3d8*      38%         5
 Yara's Violent Unravell  Hex/Tmut       8%         3d5       38%         5
 Enfeeble                 Hex            8%         N/A       100%        7
 Spellforged Servitor     Conj/Summ      8%         N/A       100%        7


Dungeon Overview and Level Annotations

Branches:
Dungeon (8/15)             Temple (0/1) D:6
   Lair: D:8-11

Altars:
Ashenzari
Makhleb
Okawaru
Qazlal
Sif Muna
Zin

Shops:
D:2 [   D:3 [

Annotations:
D:4 1 runed translucent door, BillyBaka's ghost, amateur MiHu


Innate Abilities, Weirdness & Mutations

You are a venomous arachnid creature.
You have poisonous fangs.
You are tiny and dextrous.
Your spellcasting is less reliable in this form.
Your armour is entirely melded.
You are incapable of wielding weapons or throwing items.
((You have very sharp teeth.))
Your uncanny sense of smell can sniff out nearby items.
Your experience applies equally to all skills.


Message History

Your +0 pair of boots melds into your body.
The +1 robe of Compassion {Harm +Blink Dex+2 Archmagi} melds into your body.
The wyvern misses you. The wyvern completely misses you.
You hit the wyvern.
The wyvern is poisoned.
The wyvern is lightly wounded.
The wyvern closely misses you.
You bite the wyvern!
The wyvern looks as sick as possible!
The wyvern is moderately wounded.
The wyvern bites you but does no damage.
You hit the wyvern.
The wyvern looks as sick as possible!
The wyvern is heavily wounded.
The wyvern completely misses you.
The wyvern bites you but does no damage.
You hit the wyvern.
The wyvern looks as sick as possible!
The wyvern is severely wounded.
The wyvern misses you.
You hit the wyvern.
The wyvern looks as sick as possible!
The wyvern is almost dead.
You kill the wyvern!
Makhleb accepts your kill.
You feel better. The acid dragon spits acid at you.
The splash of acid hits you!! The acid corrodes you!
Casting: Spider Form (dangerous; 8% risk of failure)
Confirm with . or Enter, or press ? or * to list all spells.
You miscast Summon Ice Beast.
You are very lightly contaminated with residual magic.
You are caught in an explosion of ice and frost!
* * * LOW HITPOINT WARNING * * *
You hit the acid dragon but do no damage.
The acid dragon closely misses you. The acid dragon claws you.
* * * LOW HITPOINT WARNING * * *
You hit the acid dragon.
The acid dragon is poisoned.
The acid dragon is lightly wounded.
The acid dragon completely misses you. x2
You hit the acid dragon but do no damage.
The acid dragon is moderately wounded.
The acid dragon spits acid at you. The splash of acid hits you!!
You die...

#####
###########...#######
.............>)Ds...#
###########.#.####.##
#.#....#.# #.#......#
# #####.#.##.### #
#.....#.##.#### #
###)#####.#.....#
#####.......#.#####.#
#.....#.###.#....##.#


You could see an acid dragon (very poisoned, catching breath).

Vanquished Creatures
  Pikel (D:5)
  A hornet (D:8)
  4 yaks (D:7)
  A wyvern (D:7)
  Menkaure (D:5)
  Edmund (D:5)
  3 water moccasins
  6 ice beasts
  A black bear (D:5)
  An ogre (D:3)
  2 centaurs (D:7)
  Blork the orc (D:5)
  2 phantoms (D:4)
  4 kobold brigands
  4 bullfrogs
  2 necrophages (D:6)
  A scorpion (D:7)
  A howler monkey (D:5)
  2 jellies (D:5)
  A hound (D:7)
  2 orc priests
  Crazy Yiuf (D:5)
  4 iguanas
  8 orc wizards
  10 adders
  2 white imps (D:6)
  2 ufetubi
  2 worms
  3 dart slugs
  23 orcs
  8 bats
  5 endoplasms
  3 giant cockroaches
  9 hobgoblins
  7 jackals (D:1)
  28 kobolds
  2 quokkas
  10 ball pythons
  4 frilled lizards
  11 goblins
  5 rats
189 creatures vanquished.

Vanquished Creatures (collateral kills)
  A yak (D:7)
  An orc warrior (D:7)
  2 orcs (D:7)
4 creatures vanquished.

Vanquished Creatures (others)
  2 bushes (D:8)
  3 fungi (D:8)
  16 plants (D:8)
21 creatures vanquished.

Grand Total: 214 creatures vanquished

Notes
Turn   | Place    | Note
-------+----------+-------------------------------------------
     0 | D:1      | Dvallin the Gnoll Wanderer began the quest for the Orb.
     0 | D:1      | Dvallin set off with the following items: a +3 spear, a
                  | potion of curing, a +0 robe; and the following spells
                  | available to memorise: Poisonous Vapours, Static Discharge.
     0 | D:1      | Reached XP level 1. HP: 20/20 MP: 6/6
   118 | D:1      | Reached XP level 2. HP: 24/26 MP: 7/7
   164 | D:1      | Learned a level 2 spell: Poisonous Vapours
   594 | D:1      | Found a faded altar of an unknown god.
   640 | D:1      | Reached skill level 5 in Spellcasting
   640 | D:1      | Reached XP level 3. HP: 31/31 MP: 1/9
   765 | D:1      | Got the Spellbook of Gathered Bedrock
   813 | D:1      | Reached skill level 1 in Invocations
  1308 | D:1      | Reached skill level 1 in Short Blades
  1308 | D:1      | Reached skill level 1 in Long Blades
  1308 | D:1      | Reached skill level 1 in Axes
  1308 | D:1      | Reached skill level 1 in Maces & Flails
  1308 | D:1      | Reached skill level 1 in Staves
  1308 | D:1      | Reached skill level 1 in Ranged Weapons
  1308 | D:1      | Reached skill level 1 in Throwing
  1308 | D:1      | Reached skill level 1 in Armour
  1308 | D:1      | Reached skill level 1 in Stealth
  1308 | D:1      | Reached skill level 1 in Shields
  1308 | D:1      | Reached skill level 1 in Unarmed Combat
  1308 | D:1      | Reached skill level 1 in Evocations
  1690 | D:2      | Reached XP level 4. HP: 38/38 MP: 8/11
  1993 | D:2      | Found Udig's Armour Shoppe.
  2408 | D:3      | Found Ynlera's Armour Shop.
  2445 | D:3      | Reached skill level 1 in Conjurations
  2445 | D:3      | Reached skill level 1 in Hexes
  2445 | D:3      | Reached skill level 1 in Summonings
  2445 | D:3      | Reached skill level 1 in Necromancy
  2445 | D:3      | Reached skill level 1 in Translocations
  2445 | D:3      | Reached skill level 1 in Transmutations
  2445 | D:3      | Reached skill level 1 in Fire Magic
  2445 | D:3      | Reached skill level 1 in Ice Magic
  2445 | D:3      | Reached skill level 1 in Earth Magic
  2445 | D:3      | Reached skill level 1 in Poison Magic
  2859 | D:3      | Found a burning altar of Makhleb.
  2868 | D:3      | Became a worshipper of Makhleb the Destroyer
  3018 | D:3      | Reached XP level 5. HP: 43/43 MP: 9/12
  3105 | D:3      | Found a glowing silver altar of Zin.
  3225 | D:3      | Identified the +1 spear of Distant Shores {vamp, rN++ rCorr
                  | SInv}
  3540 | D:4      | Noticed a phantom
  3540 | D:4      | Noticed an ogre
  3595 | D:3      | Killed an ogre
  3656 | D:4      | Killed a phantom
  3657 | D:4      | Reached skill level 5 in Fighting
  3657 | D:4      | Reached XP level 6. HP: 27/51 MP: 14/14
  3839 | D:4      | Found a runed translucent door.
  4221 | D:4      | Found a broken altar of Ashenzari.
  4256 | D:4      | Learned a level 3 spell: Spider Form
  4519 | D:4      | Reached skill level 7 in Polearms
  4519 | D:4      | Reached XP level 7. HP: 56/56 MP: 13/15
  4797 | D:4      | Noticed BillyBaka's ghost (amateur MiHu)
  4836 | D:5      | Entered Level 5 of the Dungeon
  4870 | D:5      | Noticed Blork the orc
  4883 | D:5      | Killed Blork the orc
  5006 | D:5      | Learned a level 4 spell: Summon Ice Beast
  5237 | D:5      | Reached * piety under Makhleb
  5287 | D:5      | Noticed Pikel
  5308 | D:5      | Killed Pikel
  5309 | D:5      | Reached XP level 8. HP: 27/64 MP: 14/17
  5326 | D:5      | Identified the +1 robe of Compassion {Harm +Blink Dex+2
                  | Archmagi}
  5571 | D:5      | Noticed Edmund
  5586 | D:5      | Killed Edmund
  5751 | D:5      | Reached skill level 5 in Air Magic
  5850 | D:5      | Noticed Menkaure
  5860 | D:5      | Killed Menkaure
  5861 | D:5      | Reached XP level 9. HP: 33/69 MP: 18/18
  6305 | D:5      | Found a runed translucent door.
  6305 | D:5      | Identified the +3 hammer "Itsara Kyo" {drain, Str+4}
  6308 | D:5      | Noticed Crazy Yiuf
  6589 | D:5      | Killed Crazy Yiuf
  6645 | D:5      | Identified the +8 hammer of Tizxok {vorpal, Will+}
  6794 | D:6      | Found a stormy altar of Qazlal.
  7047 | D:6      | Found a shimmering blue altar of Sif Muna.
  7070 | D:6      | Reached skill level 5 in Dodging
  7248 | D:6      | Reached ** piety under Makhleb
  7407 | D:6      | Found a staircase to the Ecumenical Temple.
  7449 | D:6      | Reached skill level 8 in Polearms
  7632 | D:6      | Found an iron altar of Okawaru.
  7914 | D:7      | Reached skill level 5 in Invocations
  8768 | D:8      | Reached skill level 5 in Short Blades
  8768 | D:8      | Reached skill level 5 in Long Blades
  8768 | D:8      | Reached skill level 5 in Axes
  8768 | D:8      | Reached skill level 5 in Maces & Flails
  8768 | D:8      | Reached skill level 5 in Staves
  8768 | D:8      | Reached skill level 5 in Ranged Weapons
  8768 | D:8      | Reached skill level 5 in Throwing
  8768 | D:8      | Reached skill level 5 in Armour
  8768 | D:8      | Reached skill level 5 in Stealth
  8768 | D:8      | Reached skill level 5 in Shields
  8768 | D:8      | Reached skill level 5 in Unarmed Combat
  8768 | D:8      | Reached skill level 5 in Evocations
  8768 | D:8      | Reached XP level 10. HP: 77/77 MP: 20/20
  9681 | D:7      | Killed from afar by an acid dragon

Illustrated notes

Levels and vault maps discovered:
D:1:      minmay_arrival_split_and_join, layout_basic,
          shapermc_ecumenical_altar_totnotflames, hangedman_feature_mirror,
          minmay_small_reverse_x
D:2:      layout_basic, serial_shops, shop
D:3:      layout_basic, mainiacjoe_overflow_alcove_2, lemuel_crystal_altar,
          serial_shops, nicolae_shop_behind_doors, minivault_19, minmay_circle_x
D:4:      cheibrodos_pilgrimage, layout_loops_ring, evilmike_ruin_ashenzari,
          ebering_ghost_reflecting_pool, chequers_serial_rivers_room_b
D:5:      layout_basic, uniq_blork_the_orc, uniq_edmund, uniq_pikel,
          uniq_menkaure, uniq_crazy_yiuf_cottage
D:6:      layout_rooms, kennysheep_mini, mainiacjoe_overflow_tiny_flanked,
          nicolae_qazlal_general_emergency, minmay_temple_entry_grid
D:7:      layout_basic
D:8:      layout_rooms, minmay_lair_entry_grove, kennysheep_generic_room_13

Skill      XL: |  1  2  3  4  5  6  7  8  9 10 |
---------------+-------------------------------+-----
Spellcasting   | 5 6 7 |  7.5
Invocations    | 1 2 3 4 5 6 |  6.0
Short Blades   | 1 2 3 5 |  5.5
Long Blades    | 1 2 3 5 |  5.5
Axes           | 1 2 3 5 |  5.5
Maces & Flails | 1 2 3 5 |  5.5
Staves         | 1 2 3 5 |  5.5
Ranged Weapons | 1 2 3 5 |  5.5
Throwing       | 1 2 3 5 |  5.5
Armour         | 1 2 3 5 |  5.5
Stealth        | 1 2 3 5 |  5.5
Shields        | 1 2 3 5 |  5.5
Unarmed Combat | 1 2 3 5 |  5.5
Evocations     | 1 2 3 5 |  5.5
Conjurations   | 1 2 3 4 |  4.5
Hexes          | 1 2 3 4 |  4.5
Summonings     | 1 2 3 4 |  4.5
Necromancy     | 1 2 3 4 |  4.5
Translocations | 1 2 3 4 |  4.5
Transmutations | 1 2 3 4 |  4.5
Fire Magic     | 1 2 3 4 |  4.5
Ice Magic      | 1 2 3 4 |  4.5
Earth Magic    | 1 2 3 4 |  4.5
Poison Magic   | 1 2 3 4 |  4.5
Dodging        | 3 4 5 6 |  6.1
Air Magic      | 4 5 6 |  6.0
Fighting       | 5 6 7 |  7.2
Polearms       | 7 8 |  8.6

Action                   |  1- 3 |  4- 6 |  7- 9 | 10-12 || total
-------------------------+-------+-------+-------+-------++-------
Melee: Spear             |    81 |   109 |    25 |       ||   215
       Bite              |     3 |     9 |    17 |     1 ||    30
       Punch             |       |     2 |     3 |     2 ||     7
       Unarmed           |       |    32 |   173 |    17 ||   222
       Flail             |       |       |    16 |       ||    16
       Mace              |       |       |    90 |    37 ||   127
 Cast: Poisonous Vapours |    33 |    35 |       |     5 ||    73
       Spider Form       |       |     4 |    22 |     2 ||    28
       Summon Ice Beast  |       |       |     4 |     2 ||     6
Invok: Minor Destruction |       |       |       |    17 ||    17
 Abil: Evoke Blink       |       |       |       |     1 ||     1
  Use: Potion            |       |       |     1 |       ||     1
 Stab: Sleeping          |       |       |     5 |       ||     5
Armor: Robe              |     2 |     2 |    49 |    17 ||    70
       Leather armour    |     8 |    11 |       |       ||    19
       Skin              |       |     3 |    22 |     4 ||    29
Dodge: Dodged            |    25 |    72 |   290 |    58 ||   445
